Map: [ESL] Moondance

Players

Has

  • Race: Protoss Protoss
  • Spawn Location: 12:00

ButAlways - Winner!

  • Race: Protoss Protoss
  • Spawn Location: 6:00

Event: DreamHack SC2 Masters 2022 Atlanta (Online)

VOD

Have the link to the VOD?

Description

Time

  • Played on: Sept. 30, 2022, 9:14 a.m.
  • Length: 9:14

All games in this series

Show
View Real Time Build Order
Export as new Build Order

Has Protoss 

Build Orders:  

Get SALT Encoding   

  12  0:00  Probe  
  13  0:12  Probe  
  14  0:17  Pylon  
  14  0:24  Probe (Chrono Boost)  
  16  0:36  Gateway, Probe (Chrono Boost)  
  16  0:41  Probe (Chrono Boost)  
  16  0:46  Assimilator  
  17  0:53  Probe  
  17  0:55  Assimilator  
  18  1:05  Gateway  
  18  1:08  Probe  
  19  1:20  Probe  
  19  1:23  Cybernetics Core  
  20  1:28  Pylon  
  20  1:32  Probe (Chrono Boost)  
  21  1:36  Pylon  
  21  1:41  Probe (Chrono Boost)  
  21  1:46  Probe (Chrono Boost)  
  23  1:59  Stalker x2  
  27  2:02  Probe  
  27  2:05  Warp Gate  
  28  2:13  Pylon  
  28  2:16  Probe  
  29  2:42  Nexus  
  28  2:46  Sentry  
  30  2:55  Robotics Facility  
  30  2:57  Probe  
  31  3:09  Shield Battery  
  32  3:14  Stalker  
  32  3:19  Stalker  
  35  3:23  Probe  
  36  3:30  Shield Battery  
  37  3:43  Immortal (Chrono Boost)  
  40  3:58  Adept x2  
  40  4:01  Probe  
  45  4:15  Warp Prism (Chrono Boost)  
  47  4:19  Probe  
  49  4:28  Adept  
  49  4:30  Adept  
  48  4:42  Probe  
  48  4:43  Probe  
  50  4:52  Immortal  
  54  5:02  Pylon  
  51  5:17  Probe  
  49  5:25  Probe  
  49  5:28  Adept x2  
  54  5:33  Immortal (Chrono Boost)  
  56  5:55  Sentry x2  
  60  5:57  Probe x2  
  60  6:00  Gateway  
  60  6:01  Gateway  
  60  6:07  Pylon  
  60  6:17  Pylon  
  59  6:20  Adept  
  59  6:21  Probe  
  59  6:25  Adept, Probe  
  65  6:30  Pylon  
  65  6:33  Probe  
  66  6:45  Probe  
  67  6:47  Adept x2  
  67  6:53  Probe  
  64  6:56  Immortal (Chrono Boost)  
  64  6:58  Probe  
  61  7:05  Probe  
  62  7:11  Probe  
  47  7:17  Probe  
  44  7:24  Adept x2  
  44  7:26  Probe  
  44  7:28  Warp Prism (Chrono Boost)  
  51  7:31  Robotics Facility  
  51  7:37  Probe  
  51  7:39  Probe  
  51  7:40  Assimilator  
  51  7:48  Zealot x3  
  57  7:56  Shield Battery  
  57  7:59  Immortal (Chrono Boost)  
  61  8:07  Shield Battery  
  61  8:09  Zealot  
  61  8:10  Zealot  
  63  8:16  Sentry x2  
  51  8:39  Zealot x2  
  54  8:47  Probe x2  
  50  9:01  Adept x2  
  50  9:02  Probe  
Show
View Real Time Build Order
Export as new Build Order

ButAlways Protoss - Winner!

Build Orders:  

Get SALT Encoding   

  12  0:00  Probe  
  13  0:12  Probe  
  14  0:18  Pylon  
  14  0:24  Probe (Chrono Boost)  
  15  0:37  Probe (Chrono Boost)  
  15  0:39  Gateway  
  16  0:44  Probe (Chrono Boost)  
  16  0:45  Assimilator  
  17  0:51  Assimilator  
  17  0:53  Probe (Chrono Boost)  
  18  1:05  Probe (Chrono Boost)  
  18  1:08  Gateway  
  19  1:13  Probe (Chrono Boost)  
  20  1:20  Probe  
  21  1:26  Cybernetics Core  
  21  1:30  Pylon  
  21  1:32  Probe  
  22  1:44  Probe  
  23  1:56  Probe  
  24  2:04  Warp Gate, Sentry, Stalker  
  28  2:08  Probe  
  28  2:09  Pylon  
  29  2:20  Probe  
  30  2:30  Stalker  
  30  2:33  Stalker  
  34  2:40  Robotics Facility  
  34  3:01  Sentry  
  36  3:07  Stalker  
  36  3:08  Pylon  
  38  3:19  Nexus  
  42  3:36  Probe  
  43  3:48  Probe  
  40  3:56  Warp Prism (Chrono Boost)  
  40  4:00  Probe  
  43  4:03  Adept x2  
  43  4:05  Pylon  
  47  4:10  Pylon  
  47  4:22  Probe  
  47  4:23  Immortal (Chrono Boost)  
  47  4:48  Adept, Pylon  
  48  4:58  Robotics Bay  
  48  5:03  Probe x2  
  48  5:04  Observer  
  51  5:15  Probe (Chrono Boost)  
  51  5:16  Probe (Chrono Boost)  
  51  5:20  Stalker  
  53  5:27  Probe (Chrono Boost)  
  53  5:28  Probe (Chrono Boost)  
  53  5:30  Stalker  
  53  5:35  Probe x2 (Chrono Boost)  
  55  5:53  Probe  
  55  5:54  Disruptor (Chrono Boost)  
  62  5:58  Probe  
  62  6:03  Gravitic Drive  
  60  6:05  Stalker x2  
  60  6:08  Observer  
  64  6:18  Observer, Gateway  
  64  6:19  Gateway  
  64  6:21  Disruptor (Chrono Boost)  
  67  6:34  Shield Battery  
  67  6:35  Adept  
  69  6:51  Sentry  
  65  7:05  Adept  
  55  7:16  Stalker x3  
  58  7:27  Gateway, Assimilator  
  58  7:33  Disruptor (Chrono Boost)  
  61  7:38  Zealot  
  61  7:39  Zealot x2  
  67  7:44  Adept  
  67  7:49  Probe x2  
  71  7:55  Pylon  
  69  8:06  Adept x2  
  73  8:14  Disruptor  
  73  8:19  Adept  
  74  8:32  Adept  
  73  8:39  Adept x2  
  70  8:53  Adept x2  
  70  9:05  Adept x2  
Tags
 
Add a new tag
Caveats
  • Supply blocks, unpowered buildings, or Contaminate may cause inaccurate times.
  • Supply counts are checked every 10 seconds.